 Dungeon Crawl Stone Soup version 0.31-a0-981-geadf994542 (console) character file.

Game seed: 13929215888889117169

741 Flugkiller the Ducker (level 7, -8/46 HPs)
             Began as an Octopode Shapeshifter on Nov 2, 2023.
             Was a Follower of Fedhas.
             Mangled by a steam dragon (10 damage)
             ... on level 5 of the Dungeon.
             The game lasted 00:15:28 (4167 turns).

Flugkiller the Ducker (Octopode Shapeshifter)       Turns: 4167, Time: 00:15:28

Health: -8/46      AC:  1    Str: 13    XL:     7   Next: 75%
Magic:  7/7        EV: 17    Int: 14    God:    Fedhas [*.....]
Gold:   300        SH:  0    Dex: 20    Spells: 6/6 levels left

rFire   . .          .
                       - Unarmed
rCold   . . .        (no shield)
rNeg    + . .        (helmet currently unavailable)
rPois   .            u - amulet of faith
rElec   +            n - +6 ring of intelligence
rCorr   .            o - ring "Ehouhol" {rElec rN+ Int-5 Dex+7}
SInv    .            (no ring)
Will    .....        (no ring)
Stlth   +++          (no ring)
HPRegen 0.27/turn    (no ring)
MPRegen 0.10/turn    (no ring)
                     (no ring)

%: faith
@: beast-form
A: beast (slay +2), almost no armour, amphibious, 8 rings, camouflage 1,
gelatinous body 1, (nimble swimmer 1), tentacles
a: Begin Untransformation, Renounce Religion


You were on level 5 of the Dungeon.
You worshipped Fedhas.
Fedhas was aware of your devotion.
You were a hulking beast.
You visited 1 branch of the dungeon, and saw 6 of its levels.

You collected 300 gold pieces.

Inventory:

Hand Weapons
 h - a +0 rapier
   (You found it on level 1 of the Dungeon)
 k - a +2 war axe of electrocution
   (You found it on level 2 of the Dungeon)
Missiles
 s - a throwing net
Armour
 f - a +1 hat
   (You found it on level 1 of the Dungeon)
Jewellery
 g - a ring of ice
   (You found it on level 1 of the Dungeon)
 n - a +6 ring of intelligence (left tentacle)
   (You found it on level 3 of the Dungeon)
 o - the ring "Ehouhol" (right tentacle) {rElec rN+ Int-5 Dex+7}
   (You found it on level 3 of the Dungeon)

   [ring of positive energy]

   Int-5:     It affects your intelligence (-5).
   Dex+7:     It affects your dexterity (+7).
   rElec:     It insulates you from electricity.
   rN+:       It protects you from negative energy.
 u - an amulet of faith (around mantle)
   (You found it on level 3 of the Dungeon)
Talismans
 b - a beast talisman
 c - a flux talisman
 p - a blade talisman
   (You found it on level 3 of the Dungeon)
Scrolls
 d - a scroll of fog
 i - a scroll of revelation
 j - a scroll of enchant weapon {unknown}
 l - a scroll of teleportation {unknown}
 m - a scroll of vulnerability
 r - a scroll of summoning {unknown}
 w - a scroll of fear {unknown}
 z - a scroll of blinking
Potions
 a - 2 potions of lignification
 e - a potion of attraction
 t - a potion of haste {unknown}
 v - 2 potions of magic
 x - a potion of berserk rage {unknown}


   Skills:
 + Level 3.5 Fighting
 - Level 6.0 Dodging
 - Level 2.0 Stealth
 - Level 4.0 Unarmed Combat
 + Level 4.5 Shapeshifting


You had 6 spell levels left.
You didn't know any spells.
Your spell library contained the following spells:

 Spells                   Type           Power      Damage    Failure   Level
 Dazzling Flash           Conj/Hex       0%         N/A       65%         3
 Volatile Blastmotes      Fire/Tloc      0%         2d10      65%         3
 Starburst                Conj/Fire      0%         6d3       100%        6
 Maxwell's Capacitive Co  Air            0%         ∞         100%        8


Dungeon Overview and Level Annotations

Branches:
Dungeon (6/15) Zot: 26959
 Temple: D:4-7

Altars:
Cheibriados
Elyvilon
Fedhas
Okawaru
The Shining One

Annotations:
D:3 exclusion: 2 downstairs
D:4 1 runed translucent door, Crazy Yiuf
D:5 exclusions: downstairs and wight, Grinder
D:6 Dowan, Duvessa, Eustachio


Innate Abilities, Weirdness & Mutations

You are a hulking beast.
Your limbs bulge with bestial killing power. (Slay +2)
You cannot wear most types of armour.
You are amphibious.
You can wear up to eight rings at the same time.
Your skin changes colour to match your surroundings (Stealth+).
Your rubbery body absorbs attacks. (AC +1, EV +1)
((You are camouflaged when in or above water. (Stealth+)))
You have tentacles for arms and can constrict up to eight enemies at once.


Message History

Found a broad axe, a scroll of revelation, a short jewelled staff and 13 gold pieces.
There is a stone staircase leading up here.
Unknown command.
The helpless hound fails to defend itself.
You bludgeon the hound! You grab the hound.
The hound is severely wounded.
You constrict the hound. The hound barely misses you. The hound misses you.
You tentacle-slap the hound. You squeeze the hound.
You kill the hound!
Fedhas appreciates your contribution to the ecosystem.
A steam dragon comes into view.
Unknown command.
Unknown command.
The helpless hound fails to defend itself.
You tentacle-slap the hound.
The steam dragon hisses angrily.
Your grab misses the hound.
The hound is lightly wounded.
The steam dragon breathes steam at you. The ball of steam hits you!!
The hound bites you.
You hear a shout!
Unknown command.
The hound is engulfed in a cloud of scalding steam. x2
The hound closely misses you.
Unknown command.
The hound attacks as it pursues you! The hound misses you.
The steam dragon attacks as it pursues you!
The steam dragon misses you. The steam dragon completely misses you.
The hound barely misses you.
There is a stone staircase leading up here.
Okay, then.
It was a potion of magic.
Magic courses through your body. The steam dragon misses you.
The steam dragon closely misses you. The hound bites you.
You feel better. The hound misses you. The steam dragon completely misses you.
The steam dragon barely misses you. The hound closely misses you.
You tentacle-slap the hound.
You kill the hound!
Fedhas appreciates your contribution to the ecosystem.
The steam dragon bites you. The steam dragon barely misses you.
Okay, then.
Okay, then.
Unknown command.
The steam dragon bites you. The steam dragon claws you.
You climb upwards.
Level annotation: exclusions: downstairs and wight, Grinder
There is a stone staircase leading down here.
You tentacle-slap the steam dragon. You squeeze the steam dragon.
The steam dragon is lightly wounded.
The steam dragon bites you! The steam dragon claws you.
* * * LOW HITPOINT WARNING * * *
Okay, then.
Okay, then.
Unknown command.
Blink to where?
Press: ? - help, Dir - move target
As you read the scroll of blinking, it crumbles to dust.
Unknown command.
Okay, then.
Unknown command.
You feel better.
As you read the scroll of fog, it dissolves into smoke.
Unknown command.
Unknown command.
Unknown command.
You tentacle-slap the steam dragon.
The steam dragon is moderately wounded.
The steam dragon bites you. The steam dragon barely misses you.
Unknown command.
You tentacle-slap the steam dragon.
The steam dragon is moderately wounded.
The steam dragon misses you. The steam dragon closely misses you.
Unknown command.
You tentacle-slap the steam dragon. Your squeeze misses the steam dragon.
The steam dragon is heavily wounded.
The steam dragon misses you. The steam dragon barely misses you.
Unknown command.
You closely miss the steam dragon.
The steam dragon is heavily wounded.
The steam dragon bites you.
* * * LOW HITPOINT WARNING * * *
The steam dragon barely misses you.
Unknown command.
You tentacle-slap the steam dragon.
The steam dragon is heavily wounded.
The steam dragon breathes steam at you. The ball of steam misses you.
Unknown command.
You tentacle-slap the steam dragon.
The steam dragon is severely wounded.
The steam dragon bites you but does no damage.
The steam dragon closely misses you.
Unknown command.
You barely miss the steam dragon.
The steam dragon is severely wounded.
The steam dragon breathes steam at you. The ball of steam hits you!
* * * LOW HITPOINT WARNING * * *
Unknown command.
You barely miss the steam dragon.
The steam dragon is severely wounded.
The steam dragon bites you!
You die...
Fedhas appreciates your contribution to the ecosystem.

######## #......#
##.####.#
#.....#.######
#......[.....#
#...#.#<####.#
....#.#.# #.#
#.......# #.#
..###.### #.#
......######.######
.##.......##..§§h§#
.##.......#######D#
.##.......## ##§##
.##........# #.§.#
..#......^.# #...#
..#........# #...#
..#........# #>###
.###.......# #.#
###........#####.#
# #........>.....#
###..#....########


You could see a steam dragon (catching breath).

Vanquished Creatures
  An ice beast (D:5)
  2 ogres (D:5)
  A phantom (D:4)
  Blork the orc (D:5)
  A wight (D:5)
  3 hounds
  An iguana (D:4)
  2 orc wizards (D:4)
  A gnoll (D:5)
  6 adders
  4 worms
  4 dart slugs
  4 orcs
  6 endoplasms
  4 giant cockroaches
  13 goblins
  7 hobgoblins
  4 jackals (D:2)
  4 kobolds
  2 quokkas
  4 ball pythons
  4 bats
  A frilled lizard (D:3)
  8 rats
88 creatures vanquished.

Notes
Turn   | Place    | Note
-------+----------+-------------------------------------------
     0 | D:1      | Flugkiller the Octopode Shapeshifter began the quest for
                  | the Orb.
     0 | D:1      | Reached XP level 1. HP: 13/13 MP: 1/1
   131 | D:1      | Reached XP level 2. HP: 18/18 MP: 2/2
   779 | D:1      | Reached skill level 1 in Stealth
   779 | D:1      | Reached XP level 3. HP: 20/23 MP: 3/3
  1214 | D:2      | Reached XP level 4. HP: 28/28 MP: 4/4
  1794 | D:3      | Identified the ring "Ehouhol" {rElec rN+ Int-5 Dex+7}
  1954 | D:3      | Reached XP level 5. HP: 34/34 MP: 5/5
  1971 | D:3      | Found a blossoming altar of Fedhas.
  2187 | D:3      | Became a worshipper of Fedhas Madash
  2234 | D:4      | Noticed a phantom
  2246 | D:4      | Noticed an ogre
  2263 | D:4      | Reached skill level 3 in Dodging
  2306 | D:4      | Killed a phantom
  2307 | D:4      | Reached skill level 4 in Dodging
  2374 | D:4      | Reached XP level 6. HP: 14/39 MP: 6/6
  2604 | D:4      | Found a snail-covered altar of Cheibriados.
  2713 | D:4      | Reached skill level 5 in Dodging
  2894 | D:4      | Found a runed translucent door.
  2895 | D:4      | Noticed Crazy Yiuf
  3186 | D:5      | Entered Level 5 of the Dungeon
  3254 | D:5      | Noticed an ice beast
  3262 | D:5      | Noticed Grinder
  3325 | D:5      | Found a white marble altar of Elyvilon.
  3351 | D:5      | Noticed Blork the orc
  3358 | D:5      | Reached * piety under Fedhas
  3375 | D:5      | Killed Blork the orc
  3376 | D:5      | Reached XP level 7. HP: 45/45 MP: 7/7
  3608 | D:5      | Found an iron altar of Okawaru.
  3754 | D:5      | Found a glowing golden altar of the Shining One.
  3990 | D:5      | Reached skill level 6 in Dodging
  4127 | D:6      | Noticed Eustachio
  4127 | D:6      | Noticed Duvessa
  4127 | D:6      | Noticed Dowan
  4142 | D:6      | Noticed a steam dragon
  4166 | D:5      | HP: 2/46 [steam dragon/ball of steam (12)]
  4167 | D:5      | Mangled by a steam dragon

Illustrated notes

Levels and vault maps discovered:
D:1:      nicolae_arrival_washed_ashore, layout_loops_ring
D:2:      layout_basic, minmay_misc_feat_more_columns, minmay_pentomino_x2
D:3:      layout_rooms, fedhas_ov_isle_minmay
D:4:      layout_rooms, slow_altar_1, uniq_crazy_yiuf_cottage
D:5:      layout_loops_cross, okawaru_altar_gauntlet_db,
          mainiacjoe_overflow_surrounded_room, tso_altar, nicolae_the_louvre,
          uniq_blork_the_orc, uniq_edmund, uniq_grinder
D:6:      cheibrodos_two_vegetables, layout_cave_pools, minmay_ruffians,
          uniq_eustachio, uniq_menkaure, uniq_duvessa

Skill      XL: |  1  2  3  4  5  6  7 |
---------------+----------------------+-----
Unarmed Combat | 4 |  4.0
Stealth        | 1 2 |  2.0
Fighting       | 2 3 |  3.5
Dodging        | 4 5 6 |  6.0
Shapeshifting  | 4 |  4.5

Action                     |  1- 3 |  4- 6 |  7- 9 || total
---------------------------+-------+-------+-------++-------
  Melee: Unarmed           |    55 |   111 |    43 ||   209
         Constrict         |    18 |    21 |     7 ||    46
         Tentacles         |    11 |    23 |     7 ||    41
         Punch             |     2 |     4 |     2 ||     8
    Use: Scroll            |     2 |     5 |     2 ||     9
         Potion            |       |     3 |     3 ||     6
   Stab: Sleeping          |     2 |     9 |     3 ||    14
         Distracted        |       |     2 |       ||     2
 Armour: Skin              |    20 |    47 |    19 ||    86
  Dodge: Dodged            |    21 |    68 |    41 ||   130

Table legend: (Time is in decaauts)
 A = Elapsed time spent in this place.
 B = Non-inter-level travel time spent in this place.
 C = Inter-level travel time spent in this place.
 D = Time resting spent in this place.
 E = Time spent auto-exploring this place.
 F = Levels seen in this place.
 G = Mean time per level.
                   A        B        C        D        E       F      G
               +--------+--------+--------+--------+--------+-----+--------+
         Total |   4155 |   3895 |    260 |    498 |   2076 |   6 |  692.5 |
       Dungeon |   4155 |   3895 |    260 |    498 |   2076 |   6 |  692.5 |
               +--------+--------+--------+--------+--------+-----+--------+

Top non-repeatable levels by time:
     D:5: 913 daAuts
     D:4: 860 daAuts
     D:1: 849 daAuts
     D:2: 764 daAuts
     D:3: 751 daAuts
     D:6: 17 daAuts
